 Dungeon Crawl Stone Soup version 0.32-a0-540-g866d13106e (webtiles) character file.

Game seed: 6950789943286525752

145 Drazool the Vexing (level 5, -3/35 HPs)
             Began as a Vampire Enchanter on Feb 28, 2024.
             Slain by Grinder (6 damage)
             ... on level 3 of the Dungeon.
             The game lasted 00:11:51 (3558 turns).

Drazool the Vexing (Vampire Enchanter)              Turns: 3558, Time: 00:11:52

Health: -3/35      AC:  6    Str: 13    XL:     5   Next: 6%
Magic:  3/9        EV: 12    Int: 17    God:
Gold:   20         SH:  0    Dex: 17    Spells: 4/9 levels left

rFire   . . .        k - +0 dagger (speed)
rCold   + . .        (no shield)
rNeg    . . .        m - +3 leather armour {rPois}
rPois   +            (no helmet)
rElec   .            (no cloak)
rCorr   .            (no gloves)
SInv    +            (no boots)
Will    .....        (no amulet)
Stlth   +++          S - +6 ring of strength
HPRegen 0.45/turn    C - ring of protection from cold
MPRegen 0.11/turn

%: no passive effects
@: very slightly contaminated, healing quickly, invisible
A: alive, fangs 3, see invisible, vampiric 2
a: Exsanguinate


You were on level 3 of the Dungeon.
You visited 1 branch of the dungeon, and saw 3 of its levels.

You collected 120 gold pieces.
You spent 100 gold pieces at shops.


Innate Abilities, Weirdness & Mutations

Your natural rate of healing is accelerated.
You have razor-sharp teeth.
You have supernaturally acute eyesight. (SInv)
You are afflicted with vampirism and can become a bat while bloodless.


   Skills:
 - Level 3.0 Short Blades
 - Level 2.1 Dodging
 - Level 5.0 Stealth
 * Level 2.8 Spellcasting
 - Level 6.0 Hexes
 + Level 1.1 Ice Magic


You had 4 spell levels left.
You knew the following spells:

 Your Spells              Type           Power      Damage    Failure   Level
d - Tukima's Dance        Hex            22%        N/A       6%          3
e - Ensorcelled Hibernat  Hex/Ice        28%        N/A       8%          2

Your spell library contained the following spells:

 Spells                   Type           Power      Damage    Failure   Level
 Confusing Touch          Hex            22%        N/A       6%          3
 Dazzling Flash           Conj/Hex       24%        N/A       21%         3

Inventory:

Hand Weapons
 a - a +1 dagger
 k - a +0 dagger of speed (weapon)
Armour
 m - a +3 leather armour of poison resistance (worn)
Jewellery
 C - a ring of protection from cold (right hand)
 S - a +6 ring of strength (left hand)
Scrolls
 b - a scroll of noise
 d - a scroll of silence {unknown}
 f - a scroll of teleportation {@r2}
 h - a scroll of immolation
Potions
 c - a potion of invisibility
 e - a potion of enlightenment {unknown}
 g - a potion of brilliance
 i - a potion of attraction {unknown}
 l - a potion of curing {@q1}
 n - a potion of mutation

Dungeon Overview and Level Annotations

Branches:
Dungeon (3/15)

Altars:

Shops:
D:2 =*[((

Annotations:
D:3 Grinder, Robin

#...##.##.# ##...####..
#...##.##.## #..........
#.S.##.##..# #.##.###..[
####...##.###.###.##.# #...
#..5......# #..##.##.# #...
#.######### ##.##.##.. #...
#........ #.##.###......
#........#####.##.#####....
#.......†.@5...............
##...$...####.###.######..#
....... #.# #.# #...
....... #.# #.# # .#
....... #.# #.# # .......
#.# #.# ####### #.# #.# #.#
#.##...#### #.##.......


You could see Grinder (unable to see you).


Message History

Grinder blinks!
You aren't carrying any items that you can evoke.
Okay, then.
Press: ? - help, v - describe, . - travel
Here: Grinder (lightly wounded)
The floor.
You fade into invisibility!
Grinder closely misses you.
You hit Grinder.
Grinder is lightly wounded.
You strike the helpless Grinder from behind!
You puncture Grinder!
Grinder is severely wounded.
Grinder gestures at you. Pain shoots through your body!
You barely miss Grinder.
Grinder is severely wounded.
You closely miss Grinder.
Grinder is severely wounded.
Grinder hits you!
* * * LOW HITPOINT WARNING * * *
You writhe in agony.
* * * LOW HITPOINT WARNING * * *
You closely miss Grinder. Your bite misses Grinder.
Grinder is severely wounded.
Grinder hits you!
* * * LOW HITPOINT WARNING * * *
You writhe in agony.
You die...
Grinder sighs, "Dead already?
I want a refund."

Skill      XL: |  1  2  3  4 |
---------------+-------------+-----
Stealth        | 5 |  5.0
Short Blades   | 2 3 |  3.0
Hexes          | 5 6 |  6.0
Ice Magic      | 1 |  1.1
Dodging        | |  2.1
Spellcasting   | |  2.8

Action                     |  1- 3 |  4- 6 || total
---------------------------+-------+-------++-------
  Melee: Dagger            |   147 |    99 ||   246
         Bite              |     9 |     7 ||    16
   Cast: Ensorcelled Hiber |    18 |    37 ||    55
         Tukima's Dance    |       |     1 ||     1
    Use: Scroll            |       |     8 ||     8
         Potion            |       |     1 ||     1
   Stab: Sleeping          |    20 |    23 ||    43
         Invisible         |       |     1 ||     1
 Armour: Robe              |    40 |       ||    40
         Leather armour    |    22 |    36 ||    58
  Dodge: Dodged            |    71 |    40 ||   111

Levels and vault maps discovered:
D:1:      dpeg_arrival_court, layout_basic, shapermc_ecumenical_altar_acropolis
D:2:      layout_loops_cross, serial_shops, shop, shop,
          nicolae_shop_rolling_square, shop, nicolae_shop_drivethru
D:3:      layout_basic, uniq_grinder, uniq_robin, uniq_crazy_yiuf_cottage

Notes
Turn   | Place    | Note
-------+----------+-------------------------------------------
     0 | D:1      | Drazool the Vampire Enchanter began the quest for the Orb.
     0 | D:1      | Reached XP level 1. HP: 13/13 MP: 3/3
    44 | D:1      | Reached skill level 5 in Stealth
    97 | D:1      | Reached XP level 2. HP: 18/19 MP: 5/5
   228 | D:1      | Reached skill level 2 in Short Blades
   544 | D:1      | Found a faded altar of an unknown god.
   647 | D:1      | Gained mutation: You are afflicted with vampirism and can
                  | become a bat while bloodless. [Vampire growth]
   647 | D:1      | Reached XP level 3. HP: 24/24 MP: 6/6
   653 | D:1      | Reached skill level 3 in Short Blades
   656 | D:1      | Learned a level 2 spell: Ensorcelled Hibernation
   660 | D:1      | Learned a level 3 spell: Tukima's Dance
  1214 | D:2      | Reached skill level 5 in Hexes
  1556 | D:2      | Found a transporter.
  1559 | D:2      | Found Guma's Jewellery Emporium.
  1628 | D:2      | Found Xuinweam's Antique Armour Emporium.
  1658 | D:2      | Reached XP level 4. HP: 30/30 MP: 4/7
  1767 | D:2      | Found Laruffes's Assorted Antiques.
  1838 | D:2      | Bought a glowing leather armour for 100 gold pieces
  1878 | D:2      | Found a transporter.
  1921 | D:2      | Found Lotesaun's Weapon Boutique.
  1922 | D:2      | Found Zijeptooc's Antique Weapon Boutique.
  1963 | D:2      | Reached skill level 6 in Hexes
  2848 | D:3      | Noticed Grinder
  2851 | D:3      | Paralysed by Grinder for 2 turns
  2941 | D:3      | Noticed Robin
  3308 | D:3      | Reached skill level 1 in Ice Magic
  3397 | D:3      | Reached XP level 5. HP: 35/35 MP: 6/9
  3558 | D:3      | HP: 3/35 [Grinder (7)]
  3558 | D:3      | Slain by Grinder

Vanquished Creatures
  5 adders
  2 ribbon worms (D:2)
  2 dart slugs
  3 orcs (D:3)
  3 ball pythons
  6 bats
  7 endoplasms
  6 giant cockroaches
  12 goblins
  7 hobgoblins
  6 jackals (D:1)
  3 kobolds
  4 quokkas
  5 frilled lizards
  7 rats
78 creatures vanquished.

Table legend: (Time is in decaauts)
 A = Elapsed time spent in this place.
 B = Non-inter-level travel time spent in this place.
 C = Inter-level travel time spent in this place.
 D = Time resting spent in this place.
 E = Time spent auto-exploring this place.
 F = Levels seen in this place.
 G = Mean time per level.
                   A        B        C        D        E       F      G
               +--------+--------+--------+--------+--------+-----+--------+
         Total |   3495 |   3394 |    101 |    249 |   2166 |   3 | 1165.0 |
       Dungeon |   3495 |   3394 |    101 |    249 |   2166 |   3 | 1165.0 |
               +--------+--------+--------+--------+--------+-----+--------+

Top non-repeatable levels by time:
     D:3: 1178 daAuts
     D:1: 1163 daAuts
     D:2: 1154 daAuts

Table legend:
 A = Non-vault XP
 B = Vault XP
 C = Vault XP percentage of total XP
 D = Non-vault monster count
 E = Vault monster count
 F = Vault count percentage of total count
                 A         B        C        D         E       F
            +---------+---------+-------+---------+---------+-------
      Total |     199 |       9 |   4.3 |      73 |       5 |   6.4
            +---------+---------+-------+---------+---------+-------
        D:1 |      64 |       0 |   0.0 |      34 |       0 |   0.0
        D:2 |      78 |       0 |   0.0 |      22 |       0 |   0.0
        D:3 |      57 |       9 |  13.6 |      17 |       5 |  22.7
            +---------+---------+-------+---------+---------+-------
